 Dungeon Crawl Stone Soup version 0.24.0-2-g5b39cebb1c (webtiles) character file.

Game seed: 8110700198612822555, levelgen mode: deterministic

4775 H0rd4k the Slasher (level 10, -2/76 HPs)
             Began as a Human Artificer on Oct 30, 2019.
             Slain by a porcupine (11 damage)
             ... on level 9 of the Dungeon.
             The game lasted 00:21:42 (9971 turns).

H0rd4k the Slasher (Human Artificer)                Turns: 9971, Time: 00:21:42

Health: -2/76      AC:  7    Str: 15    XL:     10   Next: 75%
Magic:  0/14       EV: 15    Int: 11    God:
Gold:   523        SH:  0    Dex: 15    Spells: 9/9 levels left

rFire    . . .     SeeInvis .   E - +4 falchion
rCold    + . .     Gourm    .   (no shield)
rNeg     . . .     Faith    .   b - +0 leather armour
rPois    .         Spirit   +   k - +1 helmet
rElec    .         Reflect  .   (no cloak)
rCorr    .         Harm     .   (no gloves)
MR       .....                  y - +0 pair of boots
Stlth    ++........             D - amulet of guardian spirit
HPRegen  0.22/turn              l - ring of protection from cold
MPRegen  0.14/turn              F - ring of flight

@: no status effects
A: no striking features
a: Evoke Flight


You were on level 9 of the Dungeon.
You were not hungry.

You visited 2 branches of the dungeon, and saw 10 of its levels.
You also visited: Sewer.

You collected 523 gold pieces.

Inventory:

Hand Weapons
 a - a +0 short sword
 h - a +2 dagger of holy wrath
 E - a +4 falchion (weapon)
Missiles
 n - 26 poisoned darts
 u - 13 boomerangs (quivered)
Armour
 b - a +0 leather armour (worn)
 k - a +1 helmet (worn)
 y - a +0 pair of boots (worn)
 H - a +0 ring mail of cold resistance
Jewellery
 l - a ring of protection from cold (left hand)
 D - an amulet of guardian spirit (around neck)
 F - a ring of flight (right hand)
 I - an uncursed ring of stealth {unknown}
Wands
 c - a wand of flame (16)
 d - a wand of enslavement (7)
 e - a wand of random effects (2)
 B - a wand of disintegration (2)
 G - a wand of polymorph (6)
Scrolls
 j - 5 scrolls of enchant armour
 m - a scroll of amnesia
 q - 5 scrolls of teleportation
 r - 5 scrolls of remove curse
 z - a scroll of noise
 C - 5 scrolls of identify
 K - a scroll of fog
Potions
 g - a potion of degeneration {unknown}
 i - 3 potions of mutation
 o - 2 potions of resistance
 p - 4 potions of lignification
 s - a potion of cancellation
 t - 2 potions of brilliance
 v - 2 potions of flight
 w - 4 potions of curing
 x - a potion of ambrosia
 A - 2 potions of might
 J - a potion of haste {unknown}
Comestibles
 f - 18 rations
 L - 4 chunks of flesh


   Skills:
 + Level 5.6 Fighting
 + Level 6.7(8.1) Short Blades
 + Level 7.0(8.3) Long Blades
 + Level 1.3 Throwing
 + Level 4.8 Armour
 + Level 6.2 Dodging
 + Level 3.0 Stealth
 + Level 6.0 Evocations


You had 9 spell levels left.
You didn't know any spells.
Your spell library contained the following spells:

 Spells                   Type           Power        Failure   Level  Hunger
 Magic Dart               Conj           #...         38%         1    ##.....
 Shock                    Conj/Air       #...         38%         1    ##.....
 Blink                    Tloc           N/A          54%         2    ###....
 Call Imp                 Summ           #.......     54%         2    ###....
 Slow                     Hex            #.......     54%         2    ###....
 Swiftness                Chrm/Air       #.......     54%         2    ###....
 Conjure Flame            Conj/Fire      #.......     77%         3    ####...
 Mephitic Cloud           Conj/Pois/Air  #.......     77%         3    ####...
 Static Discharge         Conj/Air       #.......     77%         3    ####...
 Airstrike                Air            #.........   99%         4    #####..
 Lightning Bolt           Conj/Air       #.........   100%        5    ######.


Dungeon Overview and Level Annotations

Branches:
Dungeon (9/15)             Temple (1/1) D:4             Orc (0/2) D:9
  Sewer (visited)
   Lair: D:8-11

Altars:
Ashenzari
Cheibriados
Dithmenos
Elyvilon
Fedhas
Hepliaklqana
Kikubaaqudgha
Makhleb
Nemelex Xobeh
Okawaru
Qazlal
Ru
Sif Muna
Trog
Uskayaw
Vehumet
Wu Jian
Yredelemnul
Zin
The Shining One

Shops:
D:9 =

Annotations:
D:3 exclusion: downstairs
D:5 exclusion: 2 downstairs
D:7 1 runed translucent door


Message History

You hit the centaur zombie.
You destroy the centaur zombie!
You closely miss the porcupine. The porcupine bites you.
You are struck by the porcupine's spines.
You hit the porcupine.
The porcupine is moderately wounded.
The porcupine barely misses you.
You barely miss the porcupine.
The porcupine is moderately wounded.
The porcupine bites you!
* * * LOW HITPOINT WARNING * * *
You are struck by the porcupine's spines.
* * * LOW HITPOINT WARNING * * *
You closely miss the porcupine.
The porcupine is moderately wounded.
The porcupine completely misses you.
You closely miss the porcupine.
The porcupine is moderately wounded.
The porcupine bites you!
You die...

P.P.P....##...(...#...##
.........##............#
P.....P..#........#...#
#P.P...##......8.8.8##
#..PP...........⌠.⌠..##
#P.P.........##8.∩.8..#
###.P%..#......#..⌠.⌠...#
PP.!.P.r##.......8.8.8...
...PP..#@#...##..........
.P.P...#.....#.......#...
P.P......###...#....##...
.........##...##.#.## ...
...###..##..####..####...
... ##.###÷###..........
.. #.#............[...
#.......†..........
....#...#..........#.


You could see a porcupine.

Vanquished Creatures
  2 two-headed ogres
  Pikel (D:4)
  A spriggan (D:7)
  A hungry ghost (D:5)
  A sky beast (D:9)
  A slave (D:4)
  An orc warrior (D:6)
  3 phantoms
  2 black bears
  3 ogres
  2 centaurs (D:8)
  2 big kobolds
  3 bullfrogs
  5 howler monkeys
  5 crimson imps
  A centaur zombie (D:9)
  A centaur skeleton (D:7)
  4 hounds
  7 orc wizards
  An orc priest (D:4)
  2 bullfrog skeletons
  2 jellies
  Natasha (thrice) (D:3)
  5 worker ants
  2 killer bee zombies
  A howler monkey zombie (D:7)
  5 gnolls
  A howler monkey skeleton (D:6)
  15 adders
  2 river rats
  A shadow imp (D:7)
  An adder skeleton (D:4)
  An adder zombie (D:6)
  4 worms
  A dart slug (D:1)
  5 leopard geckos
  31 orcs
  6 giant cockroaches
  A goblin (D:1)
  11 hobgoblins
  15 jackals
  17 kobolds
  2 quokkas
  2 ball pythons (D:3)
  6 bats
  2 frilled lizards (D:2)
  A leopard gecko zombie (D:8)
  14 rats
206 creatures vanquished.

Vanquished Creatures (collateral kills)
  An orc wizard (D:8)
  3 gnolls (D:6)
  An adder (D:6)
  6 orcs
  A rat (Sewer)
12 creatures vanquished.

Vanquished Creatures (others)
  An orc warrior (D:8)
  2 slaves (D:4)
  2 orc priests (D:4)
  A river rat (Sewer)
  2 orcs (D:4)
  A kobold (D:8)
9 creatures vanquished.

Grand Total: 227 creatures vanquished

Notes
Turn   | Place    | Note
-------+----------+-------------------------------------------
     0 | D:1      | H0rd4k the Human Artificer began the quest for the Orb.
     0 | D:1      | Reached XP level 1. HP: 15/15 MP: 3/3
    91 | D:1      | Reached XP level 2. HP: 16/21 MP: 4/4
   394 | D:1      | Reached XP level 3. HP: 9/26 MP: 5/5
  1263 | D:2      | Reached XP level 4. HP: 30/32 MP: 6/6
  1291 | D:2      | Reached skill level 1 in Armour
  1697 | D:3      | Noticed Natasha
  1706 | D:3      | Killed Natasha
  2046 | D:3      | Reached XP level 5. HP: 18/37 MP: 7/7
  2071 | D:3      | Noticed Natasha
  2078 | D:3      | Killed Natasha
  2274 | D:3      | Found a glowing drain.
  2278 | Sewer    | Entered a sewer
  2561 | Sewer    | Noticed a big kobold
  2612 | Sewer    | Killed a big kobold
  2612 | Sewer    | Reached XP level 6. HP: 31/44 MP: 8/8
  2762 | Sewer    | Found a white marble altar of Elyvilon.
  3362 | D:3      | Noticed Natasha
  3377 | D:3      | Killed Natasha
  3472 | D:4      | Found a white marble altar of Elyvilon.
  3512 | D:4      | Reached XP level 7. HP: 44/49 MP: 9/9
  3831 | D:4      | Noticed Pikel
  3855 | D:4      | Killed Pikel
  3855 | D:4      | Reached skill level 5 in Short Blades
  3855 | D:4      | Reached skill level 5 in Evocations
  3855 | D:4      | Reached XP level 8. HP: 42/57 MP: 11/11
  4390 | D:4      | Found a staircase to the Ecumenical Temple.
  4401 | Temple   | Entered the Ecumenical Temple
  4524 | D:4      | Found a shattered altar of Ashenzari.
  4953 | D:5      | Entered Level 5 of the Dungeon
  5205 | D:5      | Found an ornate altar of the Wu Jian Council.
  5258 | D:5      | Reached XP level 9. HP: 64/64 MP: 13/13
  5422 | D:5      | Reached skill level 1 in Throwing
  6187 | D:6      | Noticed a two-headed ogre
  6209 | D:5      | Reached skill level 1 in Long Blades
  6450 | D:6      | Killed a two-headed ogre
  6450 | D:6      | Reached skill level 3 in Long Blades
  6450 | D:6      | Reached skill level 5 in Dodging
  6491 | D:6      | Found a blossoming altar of Fedhas.
  7200 | D:6      | Found an iron altar of Okawaru.
  7771 | D:7      | Reached skill level 4 in Long Blades
  7814 | D:7      | Found a glowing golden altar of the Shining One.
  7814 | D:7      | Found a runed translucent door.
  7814 | D:7      | Noticed an angel
  7892 | D:7      | Reached XP level 10. HP: 42/73 MP: 14/14
  8053 | D:7      | You fall into a shaft and drop 1 floor!
  8129 | D:8      | Noticed a two-headed ogre
  8132 | D:8      | Killed a two-headed ogre
  8132 | D:8      | Reached skill level 5 in Fighting
  8132 | D:8      | Reached skill level 5 in Long Blades
  8145 | D:8      | Reached skill level 6 in Long Blades
  9792 | D:9      | Found a staircase to the Orcish Mines.
  9869 | D:9      | Found Doriukeu's Jewellery Emporium.
  9907 | D:9      | Reached skill level 7 in Long Blades
  9971 | D:9      | Slain by a porcupine

Levels and vault maps discovered:
D:1:      wander_arrival_desolate, layout_basic
D:2:      layout_loops_ring
D:3:      wander_river, layout_rooms, gup_sewer_entry_spiral, uniq_natasha
D:4:      layout_loops_ring, ashenzari_altar_1, elyvilon_altar_3, temple_hall,
          first_ration, corexii_checkpoint_a, minmay_misc_feat_chi, uniq_pikel
D:5:      layout_loops_corners, lemuel_doored_altar
D:6:      layout_layer_cave, old_standard_altar, marbit_many_paths
D:7:      layout_basic, xom_teletrap_fun, nicolae_gozag_zags_fifth_avenue,
          the_bakery, lemuel_angel_altar
D:8:      layout_layer_cave
D:9:      layout_cave_pools, tso_altar, grunt_lair_entry_orc_guard_hut,
          orc_david_3, serial_shops,
          nicolae_shop_temple_entry_statues_fountains,
          chequers_serial_rivers_micro_c
Temple:   zaba_magenta_temple

Skill      XL: |  1  2  3  4  5  6  7  8  9 10 |
---------------+-------------------------------+-----
Short Blades   | 2 3 4 5 6 |  6.7
Armour         | 1 2 3 4 |  4.8
Dodging        | 3 4 5 6 |  6.2
Evocations     | 5 6 |  6.0
Fighting       | 2 3 4 5 |  5.6
Throwing       | 1 |  1.3
Stealth        | 2 3 |  3.0
Long Blades    | 4 7 |  7.0

Action                   |  1- 3 |  4- 6 |  7- 9 | 10-12 || total
-------------------------+-------+-------+-------+-------++-------
Melee: Short sword       |   132 |   232 |   350 |       ||   714
       Falchion          |       |       |   154 |   219 ||   373
Throw: Boomerang         |       |       |    24 |       ||    24
       Dart              |       |       |     1 |       ||     1
Evoke: Wand              |     2 |    28 |    37 |     6 ||    73
  Use: Scroll            |       |       |    16 |     2 ||    18
       Potion            |       |       |     2 |       ||     2
 Stab: Sleeping          |     1 |     1 |     4 |     2 ||     8
  Eat: Chunk             |     1 |     8 |    16 |     6 ||    31
       Ration            |       |       |       |     1 ||     1
Armor: Leather armour    |    39 |    58 |   105 |    52 ||   254
Dodge: Dodged            |    79 |   137 |   297 |   154 ||   667
       Rpst.: Falchion   |       |       |    38 |    42 ||    80
